 Dungeon Crawl Stone Soup version 0.30.0-10-gfe55d96785 (webtiles) character file.

Game seed: 16072406035272228691

828 Daunt the Carver (level 8, -2/60 HPs)
             Began as a Meteoran Monk on May 15, 2023.
             Was a Priest of Hepliaklqana.
             Shot with an arrow by a centaur (7 damage)
             ... on level 5 of the Dungeon.
             The game lasted 00:17:24 (1984 turns).

Daunt the Carver (Meteoran Monk)                    Turns: 1984, Time: 00:17:24

Health: -2/60      AC:  6    Str: 18    XL:     8   Next: 41%
Magic:  4/9        EV: 13    Int: 13    God:    Hepliaklqana [***...]
Gold:   169        SH:  0    Dex: 18    Spells: 3/7 levels left

rFire   . . .        a - +0 falchion
rCold   + . .        d - orb {light}
rNeg    . . .        B - +2 robe {rC+}
rPois   .            (no helmet)
rElec   .            (no cloak)
rCorr   .            (no gloves)
SInv    .            n - +1 pair of boots
Will    +....        (no amulet)
Stlth   +            x - +6 ring of strength
HPRegen 0.30/turn    (no ring)
MPRegen 0.11/turn

%: no passive effects
@: glowing
A: reduced essence, sense surroundings 1, otherworldly, glowing, explore regen
a: Renounce Religion, Recall Ancestor, Ancestor Identity, Transference


You were on level 5 of the Dungeon.
You worshipped Hepliaklqana.
Hepliaklqana was most pleased with you.
You visited 1 branch of the dungeon, and saw 5 of its levels.

You collected 169 gold pieces.

Inventory:

Hand Weapons
 a - a +0 falchion (weapon)
Missiles
 i - 33 stones (quivered)
 A - a throwing net
Armour
 d - an orb of light (worn)
 j - a +0 chain mail
 n - a +1 pair of boots (worn)
 B - a +2 robe of cold resistance (worn)
Magical Staves
 g - a staff of air
Jewellery
 x - a +6 ring of strength (left hand)
Wands
 p - a wand of light (13)
Scrolls
 f - 3 scrolls of magic mapping {unknown}
 l - 2 scrolls of enchant armour {unknown}
 r - a scroll of amnesia {unknown}
 s - 2 scrolls of identify {unknown}
 y - 3 scrolls of teleportation {unknown}
 z - a scroll of silence {unknown}
 C - a scroll of summoning {unknown}
Potions
 b - a potion of brilliance {unknown}
 c - a potion of ambrosia
 e - a potion of lignification {unknown}
 h - 4 potions of attraction {unknown}
 k - a potion of flight {unknown}
 m - a potion of haste {unknown}
 o - 3 potions of cancellation {unknown}
 q - 2 potions of heal wounds {unknown}
 t - a potion of might {unknown}
 u - a potion of mutation {unknown}
 v - a potion of degeneration {unknown}
 w - 4 potions of curing {unknown}


   Skills:
 + Level 4.7 Fighting
 * Level 8.9 Long Blades
 - Level 3.6 Dodging
 - Level 5.0 Summonings


You had 3 spell levels left.
You knew the following spells:

 Your Spells              Type           Power      Damage    Failure   Level
a - Summon Small Mammal   Summ           52%        N/A       4%          1
b - Call Canine Familiar  Summ           13%        N/A       12%         3

Your spell library contained the following spells:

 Spells                   Type           Power      Damage    Failure   Level
 Summon Guardian Golem    Hex/Summ       6%         N/A       32%         3
 Olgreb's Toxic Radiance  Pois           0%         N/A       97%         4
 Discord                  Hex            0%         N/A       100%        8
 Ignition                 Fire           0%         3d3       100%        8


Dungeon Overview and Level Annotations

Branches:
Dungeon (5/15) Zot: 1009
 Temple: D:4-7

Altars:
Dithmenos
Elyvilon
Gozag
Hepliaklqana
Makhleb
Ru


Innate Abilities, Weirdness & Mutations

Your life essence is reduced to manifest your ancestor. (-10% HP)
You passively map a small area around you.
You are easily found by Zot.
You glow in the dark.
You regain HP and MP as you explore.


Message History

The centaur shoots an arrow.
The arrow hits your bat.
Your bat dies!
Your bat's corpse disappears in a puff of smoke!
Cashile hits the gnoll sergeant with a +0 quarterstaff!
Unknown command.
Unknown command.
Unknown command.
Your hound barely misses the gnoll.
The centaur shoots an arrow.
The arrow hits you.
* * * LOW HITPOINT WARNING * * *
The gnoll sergeant closely misses you.
Cashile hits the gnoll sergeant with a +0 quarterstaff!
Unknown command.
Unknown command.
Unknown command.
Your hound bites the gnoll.
Cashile hits the gnoll sergeant with a +0 quarterstaff!
The gnoll sergeant dies!
Your hound bites the gnoll but does no damage.
Cashile hits the gnoll with a +0 quarterstaff!
The gnoll dies!
The centaur shoots an arrow.
The arrow hits you.
* * * LOW HITPOINT WARNING * * *
Your hound bites the gnoll sergeant.
Your hound closely misses the gnoll sergeant.
The centaur shoots an arrow.
The arrow closely misses you.
Your hound bites the gnoll sergeant.
The centaur shoots an arrow.
The arrow hits you.
* * * LOW HITPOINT WARNING * * *
Cashile hits the gnoll sergeant with a +0 quarterstaff.
Your hound bites the gnoll sergeant but does no damage.
Cashile hits the gnoll sergeant with a +0 quarterstaff.
The centaur shoots an arrow.
The arrow hits you!
* * * LOW HITPOINT WARNING * * *
The centaur shoots an arrow.
The arrow barely misses you.
There is an open door here.
Casting: Summon Small Mammal (safe; 4% risk of failure)
Confirm with . or Enter, or press ? or * to list all spells.
The centaur shoots an arrow.
The arrow hits you!
You die...

..<##.....###.# *
..?#.)......$.#
.............# *
....)..)...# #####
.....).)#** #...#
......hR####
##♣.>.♣##
#####...g..#
###.......#
#####c.###c'h..♣.<.#
###.#..#@..†...#
##c.###♣)<.♣##
##..###...#
##..###### , , *
*#..# ,...## ,,,
##### ,,, *


You could see a centaur and a friendly hound (summoned).

Vanquished Creatures
  A scorpion (D:3)
  An orc priest (D:2)
  An iguana (D:4)
  Terence (D:3)
  An orc wizard (D:2)
  2 adders (D:2)
  A dart slug (D:4)
  6 orcs
  2 ball pythons
  4 endoplasms
  A giant cockroach (D:1)
  4 goblins
  A hobgoblin (D:2)
  2 jackals (D:1)
  3 kobolds
  3 quokkas
  8 bats
  4 frilled lizards (D:1)
  4 rats
50 creatures vanquished.

Vanquished Creatures (collateral kills)
  A black bear (D:4)
  2 ogres (D:5)
  A gnoll sergeant (D:5)
  A scorpion (D:4)
  A howler monkey (D:4)
  2 hounds
  2 iguanas (D:4)
  3 gnolls (D:5)
  2 adders (D:4)
  2 goblins (D:4)
  2 hobgoblins (D:4)
  A quokka (D:4)
  2 ball pythons (D:4)
22 creatures vanquished.

Grand Total: 72 creatures vanquished

Notes
Turn   | Place    | Note
-------+----------+-------------------------------------------
     0 | D:1      | Daunt the Meteoran Monk began the quest for the Orb.
     0 | D:1      | Reached XP level 1. HP: 19/19 MP: 2/2
    56 | D:1      | Reached skill level 4 in Long Blades
    90 | D:1      | Reached XP level 2. HP: 26/26 MP: 3/3
   291 | D:2      | Reached XP level 3. HP: 19/31 MP: 4/4
   297 | D:2      | Reached skill level 5 in Long Blades
   547 | D:2      | Reached skill level 1 in Summonings
   549 | D:2      | Learned a level 1 spell: Summon Small Mammal
   578 | D:2      | Reached XP level 4. HP: 38/38 MP: 5/5
   838 | D:3      | Noticed Terence
   853 | D:3      | Killed Terence
   854 | D:3      | Reached XP level 5. HP: 37/45 MP: 6/6
   990 | D:3      | Found a sacrificial altar of Ru.
  1022 | D:3      | Reached XP level 6. HP: 32/51 MP: 7/7
  1281 | D:2      | Learned a level 3 spell: Call Canine Familiar
  1338 | D:2      | Reached skill level 5 in Summonings
  1406 | D:3      | Found a faded altar of an unknown god.
  1414 | D:3      | Prayed at the altar of an unknown god.
  1414 | D:3      | Became a worshipper of Hepliaklqana the Forgotten
  1414 | D:3      | Reached * piety under Hepliaklqana
  1414 | D:3      | Reached ** piety under Hepliaklqana
  1415 | D:3      | Remembered your ancestor Cashile as a battlemage
  1490 | D:4      | Reached skill level 6 in Long Blades
  1539 | D:3      | Reached *** piety under Hepliaklqana
  1603 | D:5      | Entered Level 5 of the Dungeon
  1603 | D:5      | Noticed a centaur
  1670 | D:4      | Reached XP level 7. HP: 51/51 MP: 3/8
  1673 | D:4      | Reached skill level 7 in Long Blades
  1744 | D:4      | Found a white marble altar of Elyvilon.
  1754 | D:4      | Found a burning altar of Makhleb.
  1764 | D:4      | Found a shadowy altar of Dithmenos.
  1770 | D:4      | Found an opulent altar of Gozag.
  1891 | D:4      | Reached skill level 8 in Long Blades
  1891 | D:4      | Reached XP level 8. HP: 52/59 MP: 5/9
  1984 | D:5      | Shot with an arrow by a centaur

Illustrated notes

Levels and vault maps discovered:
D:1:      denvon_arrival_planthouse, layout_basic
D:2:      cheibrodos_pilgrimage, layout_basic, serial_co_window_serial,
          co_window_paths_a, co_window_cross_1, co_window_paths_a,
          co_window_corner_a, co_window_cross_1, co_window_corner_b,
          co_window_2corner, co_window_cross_3, co_window_unsneaky_path_d,
          co_window_cross_3, co_window_corner_b, glass_columns_b,
          glass_columns_a, glass_columns_a, glass_columns_a, glass_columns_b
D:3:      layout_loops_corners, nicolae_ru_the_path_less_chosen,
          overflow_temple_1_default, hellmonk_ecumenical_altar_zigzags,
          uniq_terence, uniq_natasha
D:4:      layout_basic, grunt_temple_overflow_cloverleaf
D:5:      layout_layer_cave, mainiacjoe_overflow_chevrons, serial_shops,
          nicolae_diamond_shop, grunt_ministairs_7, nicolae_grassy_gnolls

Skill      XL: |  1  2  3  4  5  6  7 |
---------------+----------------------+-----
Long Blades    | 4 5 6 8 |  8.9
Summonings     | 1 3 4 5 |  5.0
Fighting       | 4 |  4.7
Dodging        | |  3.6

Action                     |  1- 3 |  4- 6 |  7- 9 || total
---------------------------+-------+-------+-------++-------
  Melee: Falchion          |    47 |    92 |    17 ||   156
   Cast: Summon Small Mamm |       |     2 |     2 ||     4
         Call Canine Famil |       |     1 |     5 ||     6
 Invoke: Ancestor Life: Ba |       |     1 |       ||     1
   Stab: Distracted        |       |       |     2 ||     2
 Armour: Robe              |     4 |    26 |     1 ||    31
  Dodge: Dodged            |    28 |    51 |    14 ||    93
